 Dungeon Crawl Stone Soup version 0.31-a0-569-g7ea453304b (webtiles) character file.

Game seed: 10011589350700412012

81 BritishOli the Trooper (level 4, 37/37 HPs)
             Began as a Demonspawn Fighter on Aug 18, 2023.
             Got out of the dungeon alive.
             The game lasted 00:01:03 (1193 turns).

BritishOli the Trooper (Demonspawn Fighter)         Turns: 1193, Time: 00:01:04

Health: 37/37      AC:  6    Str: 19    XL:     4   Next: 19%
Magic:  4/4        EV:  9    Int:  9    God:
Gold:   139        SH:  4    Dex: 12    Spells: 3/3 levels left

rFire   . . .        a - +0 war axe
rCold   . . .        c - +0 buckler
rNeg    . . .        b - +0 scale mail
rPois   .            (no helmet)
rElec   .            (no cloak)
rCorr   .            (no gloves)
SInv    .            (no boots)
Will    .....        (no amulet) Stlth
                     (no ring)
HPRegen 0.26/turn    (no ring)
MPRegen 0.09/turn

%: no passive effects
@: no status effects
A: powered by pain 1, demonic touch 1
a: no special abilities


You escaped.
You visited 1 branch of the dungeon, and saw 2 of its levels.

You collected 139 gold pieces.

Inventory:

Hand Weapons
 a - a +0 war axe (weapon)
Armour
 b - a +0 scale mail (worn)
 c - a +0 buckler (worn)
Jewellery
 j - a +6 ring of dexterity
 n - an amulet of the acrobat
Scrolls
 l - 2 scrolls of identify {unknown}
 m - a scroll of vulnerability {unknown}
 o - a scroll of teleportation {unknown}
Potions
 d - a potion of might
 e - a potion of haste {unknown}
 f - 2 potions of curing {unknown}
 g - a potion of heal wounds {unknown}
 h - a potion of degeneration {unknown}
 i - a potion of brilliance {unknown}
 k - a potion of resistance {unknown}


   Skills:
 + Level 3.9 Fighting
 + Level 2.8 Axes
 - Level 3.0 Armour
 - Level 3.0 Shields


You had 3 spell levels left.
You didn't know any spells.
Your spell library contained the following spells:

 Spells                   Type           Power      Damage    Failure   Level
 Static Discharge         Conj/Air       0%         2-2/arc   93%         2
 Airstrike                Air            0%         2d(0-16)  100%        4
 Summon Lightning Spire   Summ/Air       0%         N/A       100%        4


Dungeon Overview and Level Annotations

Branches:
Dungeon (2/15)

Altars:


Innate Abilities, Weirdness & Mutations

You sometimes gain a little power by taking damage.
Your touch may inflict minor irresistible damage on your foes.


Message History

There are monsters nearby!
You hit the gnoll but do no damage.
The gnoll is almost dead.
You barely miss the gnoll. You barely miss the rat.
The gnoll barely misses you. x2; The rat bites you but does no damage. x2
You block the gnoll's attack. The gnoll barely misses you.
There are monsters nearby!
You barely miss the gnoll.
The gnoll is almost dead.
You hit the rat.
You kill the rat!
You hit the gnoll. The gnoll misses you. You block the gnoll's attack.
You barely miss the gnoll.
The gnoll is almost dead.
You barely miss the gnoll. The gnoll barely misses you.
The gnoll hits you with a +0 whip.
There are monsters nearby!
You hit the gnoll.
You kill the gnoll!
You barely miss the gnoll. The gnoll closely misses you.
The gnoll hits you but does no damage.
You have reached level 4!
You feel stronger.
Your demonic ancestry asserts itself...
You feel energised by your suffering.
A gnoll is nearby!
You slash the gnoll!
You kill the gnoll!
You see here a +0 club.
You now have 139 gold pieces (gained 6).
l - 2 scrolls labelled UHEUTWUZIP (gained 1) Key pressed, stopping explore.
No target in view!
No target in view!
No target in view!
No target in view!
There is a stone staircase leading up here.
You climb upwards.
There is a stone staircase leading down here.
There is a staircase leading out of the dungeon here.
You have escaped!

.######.......#...#.......).###..
.........#######.#######..#......
.######..# ##.......## #..#......
.# #..###.........###..#..#### .#
#..##...........##.....# ##
##..#....)........#..##.# #
##..##.............##..#.#
####..#.#.............#.#...#
#....#.........@.........#..####
#.##..#.#.............#.#.......
#.###..##.............##....####
##.# ##..#.............#.....#
...# #..##...........##..##.#
##.# #..###.........###.....# #.#
#..# ##.......## #...### #.#
#..#######.#######..## #
##.####.......#...#.......# #


There were no monsters in sight!

Vanquished Creatures
  3 gnolls (D:2)
  An adder (D:2)
  A dart slug (D:2)
  A bat (D:1)
  4 endoplasms
  2 goblins (D:2)
  2 hobgoblins
  4 jackals (D:2)
  A quokka (D:2)
  9 ball pythons
  4 frilled lizards
  3 kobolds
  3 rats
38 creatures vanquished.

Notes
Turn   | Place    | Note
-------+----------+-------------------------------------------
     0 | D:1      | BritishOli the Demonspawn Fighter began the quest for the
                  | Orb.
     0 | D:1      | Reached XP level 1. HP: 18/18 MP: 1/1
   243 | D:1      | Gained mutation: Your touch may inflict minor irresistible
                  | damage on your foes. [demonic ancestry]
   243 | D:1      | Reached XP level 2. HP: 24/24 MP: 2/2
   730 | D:2      | Reached XP level 3. HP: 28/29 MP: 3/3
   776 | D:2      | Identified the +2 leather armour of Philately {Rampage Fly
                  | rPois rF- Str-5}
  1144 | D:2      | Gained mutation: You sometimes gain a little power by
                  | taking damage. [demonic ancestry]
  1144 | D:2      | Reached XP level 4. HP: 32/37 MP: 4/4
  1193 | D:$      | Got out of the dungeon alive.

Illustrated notes

Levels and vault maps discovered:
D:1:      psy_arrival_dodecagon, layout_loops_ring
D:2:      layout_basic, ebering_ecumenical_altar_abandoned, basic_altar

Skill      XL: |  1  2 |
---------------+-------+-----
Axes           | 2 |  2.8
Armour         | 3 |  3.0
Shields        | 3 |  3.0
Fighting       | |  3.9

Action                     |  1- 3 |  4- 6 || total
---------------------------+-------+-------++-------
  Melee: War axe           |    91 |     1 ||    92
 Armour: Scale mail        |    53 |       ||    53
  Dodge: Dodged            |    41 |       ||    41
  Block: Buckler           |    34 |       ||    34

Table legend: (Time is in decaauts)
 A = Elapsed time spent in this place.
 B = Non-inter-level travel time spent in this place.
 C = Inter-level travel time spent in this place.
 D = Time resting spent in this place.
 E = Time spent auto-exploring this place.
 F = Levels seen in this place.
 G = Mean time per level.
                   A        B        C        D        E       F      G
               +--------+--------+--------+--------+--------+-----+--------+
         Total |   1233 |   1191 |     42 |     57 |    884 |   2 |  616.5 |
       Dungeon |   1233 |   1191 |     42 |     57 |    884 |   2 |  616.5 |
               +--------+--------+--------+--------+--------+-----+--------+

Top non-repeatable levels by time:
     D:1: 671 daAuts
     D:2: 561 daAuts
